 Dungeon Crawl Stone Soup version 0.23-a0-582-g1b4a0ca2fb (console) character file.

375 Bikaver the Ducker (level 6, -1/32 HPs)
             Began as a Deep Elf Conjurer on Dec 16, 2018.
             Was an Initiate of Vehumet.
             Shot with an arrow by a centaur (16 damage)
             ... on level 5 of the Dungeon.
             The game lasted 00:26:09 (4266 turns).

Bikaver the Ducker (Deep Elf Conjurer)              Turns: 4266, Time: 00:26:10

Health: -1/32      AC:  4    Str:  5    XL:     6   Next: 44%
Magic:  5/16       EV: 16    Int: 22    God:    Vehumet [......]
Gold:   133        SH:  0    Dex: 15    Spells: 5/16 levels left

rFire    . . .     SeeInvis .   (no weapon)
rCold    . . .     Gourm    .   (no shield)
rNeg     . . .     Faith    .   a - +0 robe
rPois    .         Spirit   .   b - +0 helmet
rElec    .         Reflect  .   q - scarf {repulsion}
rCorr    .         Harm     .   m - +0 pair of gloves
MR       .....                  (no boots)
Stlth    ++........             (no amulet)
HPRegen  0.10/turn              i - ring of flight
MPRegen  0.15/turn              r - ring of wizardry

@: repel missiles
A: no striking features
a: Renounce Religion, Evoke Flight


You were on level 5 of the Dungeon.
You worshipped Vehumet.
Vehumet was noncommittal.
You were not hungry.

You visited 2 branches of the dungeon, and saw 6 of its levels.

You collected 133 gold pieces.

Inventory:

Armour
 a - a +0 robe (worn)
 b - a +0 helmet (worn)
 m - a +0 pair of gloves (worn)
 q - a scarf of repulsion (worn)
Jewellery
 i - a ring of flight (left hand)
 r - a ring of wizardry (right hand)
Wands
 g - a wand of flame (20)
 o - a wand of acid (12)
Scrolls
 j - a scroll of remove curse
 p - 2 scrolls of identify
Potions
 f - 2 potions of curing
 h - a potion of mutation {unknown}
 k - a potion of ambrosia {unknown}
 l - a potion of haste {unknown}
Comestibles
 c - 10 rations


   Skills:
 - Level 7.0 Dodging
 - Level 2.4 Stealth
 + Level 5.7 Spellcasting
 - Level 4.3 Conjurations


You had 5 spell levels left.
You knew the following spells:

 Your Spells              Type           Power        Failure   Level  Hunger
a - Magic Dart            Conj           ####         1%          1    None
b - Searing Ray           Conj           ####..       1%          2    None
c - Iskenderun's Mystic   Conj           ####....     6%          4    ####...
d - Fulminant Prism       Conj/Hex       ###.......   16%         4    ####...

Your spell library contained the following spells:

 Spells                   Type           Power        Failure   Level  Hunger
 Dazzling Spray           Conj/Hex       ###...       4%          3    ##.....
 Force Lance              Conj/Tloc      ###.....     16%         4    ####...


Dungeon Overview and Level Annotations

Branches:
Dungeon (5/15)             Temple (1/1) D:4

Altars:
Ashenzari
Cheibriados
Dithmenos
Elyvilon
Fedhas
Gozag
Hepliaklqana
Kikubaaqudgha
Makhleb
Nemelex Xobeh
Okawaru
Qazlal
Trog
Uskayaw
Vehumet
Wu Jian
Yredelemnul
Zin

Annotations:
D:5 Blork the orc


Message History

The orb of energy hits the centaur.
The centaur is severely wounded.
Casting: Iskenderun's Mystic Blast (safe; 6% risk of failure)
Confirm with . or Enter, or press ? or * to list all spells.
You don't have enough magic to cast that spell.
The centaur shoots an arrow.
The arrow barely misses you.
The centaur shoots an arrow.
The arrow is repelled.
You see here 2 arrows.
The centaur shoots an arrow.
The arrow closely misses you.
The centaur shoots an arrow.
The arrow closely misses you.
The centaur shoots an arrow.
The arrow hits you.
You see here 2 arrows.
The centaur shoots an arrow.
The arrow closely misses you.
The centaur shoots an arrow.
The arrow hits you!
You see here 2 arrows.
The centaur shoots an arrow.
The arrow hits you.
You see here an arrow.
The centaur shoots an arrow.
The arrow hits you!
Ouch! That really hurt!
You die...

..........###..##.......#
.....................>..#
+##......(#.#.###.......#
.......(###.#.# #.......#
.......(###.#.# #.......########
............#.# #.......##.....#
.........c..#.###.......##.....#
...........((.....########.....#
........##..(..(@.'............#
........##........##<####......##
.##########.########.# #...(...#
#.# #.# #.......# #.# #.#
#.#...... #.# #+# ##+#####.# ..#
..........# ...........
...>.......


You could see a centaur.

Vanquished Creatures
  2 bullfrogs
  A hound (D:5)
  An orc wizard (D:4)
  3 worker ants
  3 adders
  3 gnolls (D:4)
  3 dart slugs
  A leopard gecko (D:1)
  6 orcs
  A ball python (D:1)
  6 giant cockroaches
  6 goblins
  6 hobgoblins
  2 jackals (D:3)
  A quokka (D:2)
  7 bats
  3 frilled lizards
  A giant cockroach zombie (D:4)
  3 kobolds
  8 rats
67 creatures vanquished.

Vanquished Creatures (others)
  2 fulminant prisms (D:5)
2 creatures vanquished.

Grand Total: 69 creatures vanquished

Notes
Turn   | Place    | Note
-------+----------+-------------------------------------------
     0 | D:1      | Bikaver the Deep Elf Conjurer began the quest for the Orb.
     0 | D:1      | Reached XP level 1. HP: 10/10 MP: 6/6
    87 | D:1      | Reached skill level 3 in Dodging
   120 | D:1      | Reached XP level 2. HP: 5/15 MP: 0/8
   520 | D:1      | Reached skill level 4 in Dodging
   696 | D:1      | Learned a level 2 spell: Searing Ray
   970 | D:2      | Reached XP level 3. HP: 19/19 MP: 2/9
  1043 | D:2      | Found a faded altar of an unknown god.
  1506 | D:2      | Found an ornate altar of the Wu Jian Council.
  1506 | D:2      | Found a sparkling altar of Nemelex Xobeh.
  1928 | D:3      | Reached skill level 5 in Dodging
  2137 | D:3      | Noticed a bullfrog
  2144 | D:3      | Killed a bullfrog
  2144 | D:3      | Reached skill level 6 in Dodging
  2144 | D:3      | Reached XP level 4. HP: 5/24 MP: 1/10
  2832 | D:4      | Noticed a bullfrog
  2841 | D:4      | Killed a bullfrog
  2841 | D:4      | Reached skill level 7 in Dodging
  2841 | D:4      | Reached XP level 5. HP: 19/28 MP: 3/11
  3109 | D:4      | Learned a level 4 spell: Iskenderun's Mystic Blast
  3146 | D:4      | Reached XP level 6. HP: 23/32 MP: 1/14
  3153 | D:4      | Learned a level 4 spell: Fulminant Prism
  3295 | D:4      | Found a staircase to the Ecumenical Temple.
  3300 | Temple   | Entered the Ecumenical Temple
  3312 | Temple   | Became a worshipper of Vehumet
  3712 | D:5      | Entered Level 5 of the Dungeon
  3736 | D:5      | Noticed a sky beast
  3768 | D:4      | HP: 1/32 [poisoned by a worker ant]
  4056 | D:5      | Reached skill level 5 in Spellcasting
  4081 | D:5      | Noticed Blork the orc
  4266 | D:5      | Shot with an arrow by a centaur

Vault maps used:
D:1:      co_arrival_two_rings, minmay_three_crescents
D:2:      gammafunk_temple_overflow_pools, chequers_ecumenical_altar_simple
D:3:      first_ration, chequers_arboretum
D:4:      minmay_temple_entry_nine_rooms
D:5:      uniq_blork_the_orc
Temple:   eino_temple_rhombus

Skill      XL: |  1  2  3  4  5  6 |
---------------+-------------------+-----
Dodging        | 3 4 6 7 |  7.0
Spellcasting   | 4 5 |  5.7
Stealth        | |  2.4
Conjurations   | |  4.3

Action                   |  1- 3 |  4- 6 || total
-------------------------+-------+-------++-------
Melee: Unarmed           |    17 |     1 ||    18
 Cast: Magic Dart        |    74 |    51 ||   125
       Searing Ray       |     9 |    15 ||    24
       Iskenderun's Myst |       |     2 ||     2
       Fulminant Prism   |       |     2 ||     2
Evoke: Wand              |       |     1 ||     1
  Use: Scroll            |     3 |     3 ||     6
       Potion            |       |     3 ||     3
  Eat: Chunk             |     4 |     7 ||    11
Armor: Robe              |    18 |     1 ||    19
Dodge: Dodged            |    38 |    19 ||    57
       Deflected         |       |     2 ||     2

Table legend:
 A = Non-vault XP
 B = Vault XP
 C = Vault XP percentage of total XP
 D = Non-vault monster count
 E = Vault monster count
 F = Vault count percentage of total count
                 A         B        C        D         E       F
            +---------+---------+-------+---------+---------+-------
      Total |     525 |      11 |   2.1 |      61 |       6 |   9.0
            +---------+---------+-------+---------+---------+-------
        D:1 |      21 |      11 |  34.4 |      12 |       6 |  33.3
        D:2 |      34 |       0 |   0.0 |      14 |       0 |   0.0
        D:3 |     128 |       0 |   0.0 |      17 |       0 |   0.0
        D:4 |     231 |       0 |   0.0 |      14 |       0 |   0.0
        D:5 |     111 |       0 |   0.0 |       4 |       0 |   0.0
            +---------+---------+-------+---------+---------+-------
